 Dungeon Sprint DCSS version 0.25.1-8-g42b30a86e7 (webtiles) character file.

Game seed: 18222856632868262495

48 Gabide the Spear-Bearer (level 6, 0/42 HPs)
             Began as a Tengu Monk on Dec 3, 2020.
             Was a Priest of Ru.
             Slain by a big kobold (3 damage)
             ... in the Dungeon (Sprint VI: "Thunderdome").
             The game lasted 00:06:35 (507 turns).

Gabide the Spear-Bearer (Tengu Monk)                 Turns: 507, Time: 00:06:35

Health: 0/42       AC:  2    Str: 12    XL:     6   Next: 93%
Magic:  7/7        EV: 19    Int: 10    God:    Ru [***...]
Gold:   10         SH:  0    Dex: 18    Spells: 5/5 levels left

rFire    . . .     SeeInvis .   o - +0 scythe (curse)
rCold    . . .     Gourm    .   (shield currently unavailable)
rNeg     . . .     Faith    .   b - +0 robe
rPois    .         Spirit   .   (helmet restricted)
rElec    .         Reflect  .   (no cloak)
rCorr    .         Harm     .   (no gloves)
MR       .....     NoTele   +   (boots unavailable)
Stlth    ..........             (no amulet)
HPRegen  0.14/turn              (no ring)
MPRegen  0.10/turn              (no ring)

@: no status effects
A: beak, talons 3, no stealth, inability to use devices, able to fly
a: Fly, Draw Out Power, Renounce Religion


You were in the Dungeon.
You worshipped Ru.
Ru was most pleased with you.
You were not hungry.

You visited 1 branch You collected 280 gold pieces.
You spent 270 gold pieces at shops.

Inventory:

Hand Weapons
 a - a +0 spear
 n - a +0 bardiche
 o - a cursed +0 scythe (weapon)
Armour
 b - a +0 robe (worn)
 p - a +2 robe of magic resistance
Wands
 k - a wand of acid (5)
 l - a wand of iceblast (5)
Scrolls
 i - 4 scrolls of blinking
 m - 3 scrolls of fog
Potions
 d - a potion of curing
 e - 3 potions of heal wounds
 f - 4 potions of haste
 g - 2 potions of magic
 h - a potion of berserk rage
 j - a potion of resistance
Comestibles
 c - a ration


   Skills:
 + Level 6.9 Fighting
 * Level 11.5 Polearms
 * Level 9.1 Dodging


You had 5 spell levels left.
You didn't know any spells.
Your spell library was empty.

Dungeon Overview and Level Annotations

Branches:
Dungeon (1/1)

Altars:
Cheibriados
Dithmenos
Fedhas
Gozag
Kikubaaqudgha
Makhleb
Okawaru
Qazlal
Ru
Sif Muna
Trog
Uskayaw
Vehumet
Wu Jian
Xom
Yredelemnul
Zin
The Shining One
Beogh
Jiyva
Lugonu

Shops:
D *[%??*?*:[((!!!!


Innate Abilities, Weirdness & Mutations

You have a beak for a mouth.
You have claws for feet.
You cannot be stealthy.
You cannot study or use magical devices.
You can fly continuously.


Message History

The big kobold misses you.
You slash the big kobold!
You kill the big kobold!
Your Dodging skill increases to level 9!
The big kobold hits you.
* * * LOW HITPOINT WARNING * * *
The big kobold closely misses you.
You hit the big kobold but do no damage.
Your peck misses the big kobold. The big kobold hits you.
* * * LOW HITPOINT WARNING * * *
You slash the big kobold!
The big kobold is moderately wounded.
The big kobold hits you.
* * * LOW HITPOINT WARNING * * *
The big kobold barely misses you.
You barely miss the big kobold. Your kick misses the big kobold.
You peck the big kobold.
The big kobold is moderately wounded.
The big kobold hits you.
You die...

#_......._# #........_#
#_......._#
###.........###
#⌠...........⌠#
######.8.........8.#
##∩___......###......
###∩...K....8.# #.8....
##....)@.......###......
#⌠....).....###...###...
#⌠....).....# #.<.# #...
#⌠...(......###...###...
##.............###......
###∩........8.# #.8....
##∩___......###......
######.8.........8.#
#⌠...........⌠#


You could see a big kobold.

Vanquished Creatures
  Sigmund (D)
  A necrophage (D)
  2 big kobolds (D)
  2 adders (D)
  An adder zombie (D)
  An orc (D)
  2 bat skeletons (D)
  A ball python zombie (D)
  A frilled lizard (D)
  2 kobolds (D)
14 creatures vanquished.

Notes
Turn   | Place    | Note
-------+----------+-------------------------------------------
     0 | D        | Gabide the Tengu Monk began the quest for the Orb.
     0 | D        | Reached XP level 1. HP: 14/14 MP: 2/2
     1 | D        | Found a blossoming altar of Fedhas.
     1 | D        | Found an iron altar of Okawaru.
     2 | D        | Found a sacrificial altar of Ru.
     2 | D        | Found a basalt altar of Yredelemnul.
     3 | D        | Found an ancient bone altar of Kikubaaqudgha.
     3 | D        | Found a bloodstained altar of Trog.
     4 | D        | Found Muyfog's Distillery.
     4 | D        | Found a glowing silver altar of Zin.
     4 | D        | Found Wulocobi's Do-It-Yourself Clinic.
     5 | D        | Found Sasoobb's Distillery.
     5 | D        | Found Mauvohareu's Bottled Wisdom.
     5 | D        | Round 1.
    10 | D        | Became a worshipper of Ru the Awakened
    20 | D        | Gained mutation: You cannot study or use magical devices.
                  | [Ru sacrifice]
    20 | D        | Reached * piety under Ru
    20 | D        | Reached ** piety under Ru
    27 | D        | Found a radiant altar of Vehumet.
    29 | D        | Found a glowing golden altar of the Shining One.
    29 | D        | Found Yrchytizu's Weapon Rack.
    29 | D        | Found Nueneg's Basic Armour.
    30 | D        | Found Zuuneh's Miscellaneous Merchandise.
    35 | D        | Found Leref's Premium Goods.
    35 | D        | Found a burning altar of Makhleb.
    35 | D        | Found an opulent altar of Gozag.
    35 | D        | Found a roughly hewn altar of Beogh.
    44 | D        | Found a shadowy altar of Dithmenos.
    62 | D        | Noticed Sigmund
    68 | D        | Reached skill level 4 in Polearms
    68 | D        | Reached XP level 2. HP: 20/20 MP: 3/3
    77 | D        | Found a viscous altar of Jiyva.
    77 | D        | Found a shimmering altar of Xom.
    78 | D        | Found a snail-covered altar of Cheibriados.
    79 | D        | Found a shimmering blue altar of Sif Muna.
    79 | D        | Found an ornate altar of the Wu Jian Council.
    80 | D        | Found Citsotiq's Magic Scroll Shop.
    80 | D        | Found Paiwnusch's Staff Store.
    81 | D        | Found Wiarec's Magic Scroll Shop.
    81 | D        | Found Kanniut's Must-Have Magic.
   104 | D        | Killed Sigmund
   104 | D        | Reached skill level 5 in Fighting
   104 | D        | Reached skill level 9 in Polearms
   104 | D        | Reached XP level 3. HP: 16/27 MP: 4/4
   104 | D        | Reached XP level 4. HP: 19/32 MP: 5/5
   104 | D        | Gained mutation: You can fly continuously. [Tengu growth]
   104 | D        | Reached XP level 5. HP: 21/36 MP: 6/6
   116 | D        | Arena points: 12 (+12) [x2]
   191 | D        | Round 2.
   192 | D        | Noticed a necrophage
   200 | D        | HP: 1/34 [necrophage (7)]
   202 | D        | Killed a necrophage
   202 | D        | Reached skill level 10 in Polearms
   202 | D        | Reached XP level 6. HP: 1/40 MP: 7/7
   260 | D        | Found a stormy altar of Qazlal.
   260 | D        | Found Cakhots's Delicious Food.
   260 | D        | Found Peeteos's Jewellery.
   307 | D        | Found Ihoedum's Advanced Armour.
   334 | D        | Found a hide-covered altar of Uskayaw.
   342 | D        | Found a corrupted altar of Lugonu.
   343 | D        | Found Xitwual's Identification Station.
   347 | D        | Arena points: 48 (+36) [x3]
   360 | D        | Bought a +0 bardiche for 270 gold pieces
   376 | D        | Round 3.
   482 | D        | Gained mutation: You cannot be stealthy. [Ru sacrifice]
   482 | D        | Reached *** piety under Ru
   499 | D        | Reached skill level 11 in Polearms
   507 | D        | Slain by a big kobold

Illustrated notes

Levels and vault maps discovered:
D:        arena_sprint

Skill      XL: |  1  2  3  4  5  6 |
---------------+-------------------+-----
Polearms       | 4 9 10 11 | 11.5
Dodging        | 4 7 8 9 |  9.1
Fighting       | 5 6 |  6.9
Stealth        | 0 |  0.0

Action                   |  1- 3 |  4- 6 || total
-------------------------+-------+-------++-------
Melee: Spear             |    21 |       ||    21
       Kick              |     1 |    13 ||    14
       Peck              |     1 |     7 ||     8
       Scythe            |       |    41 ||    41
Invok: Sacrifice Artific |     1 |       ||     1
       Sacrifice Stealth |       |     1 ||     1
  Use: Potion            |       |     1 ||     1
 Stab: Distracted        |       |     1 ||     1
Dodge: Dodged            |    10 |    38 ||    48
